 Dungeon Crawl Stone Soup version 0.22-a0-609-gfedc9ff (webtiles) character file.

27 Hebeh the Firebug (level 2, 0/15 HPs)
             Began as a Deep Elf Fire Elementalist on July 10, 2018.
             Slain by a worm (6 damage)
             ... on level 2 of the Dungeon.
             The game lasted 00:05:26 (951 turns).

Hebeh the Firebug (Deep Elf Fire Elementalist)       Turns: 951, Time: 00:05:27

Health: 0/15       AC:  2    Str:  5    XL:     2   Next: 93%
Magic:  0/8        EV: 13    Int: 19    God:
Gold:   50         SH:  0    Dex: 15    Spells: 7/8 levels left

rFire    . . .     SeeInvis .   (no weapon)
rCold    . . .     Gourm    .   (no shield)
rNeg     . . .     Faith    .   a - +0 robe
rPois    .         Spirit   .   (no helmet)
rElec    .         Reflect  .   (no cloak)
rCorr    .         Harm     .   (no gloves)
MR       .....                  (no boots)
Stlth    ++........             (no amulet)
HPRegen  0.05/turn              (no ring)
MPRegen  0.11/turn              (no ring)

@: very slightly contaminated
A: no striking features
a: no special abilities


You were on level 2 of the Dungeon.
You were not hungry.

You visited 1 branch of the dungeon, and saw 2 of its levels.

You collected 50 gold pieces.

Inventory:

Hand Weapons
 b - a +0 club
 j - a +0 dagger
 l - a +0 hunting sling
Missiles
 g - 70 stones (quivered)
 m - a throwing net
Armour
 a - a +0 robe (worn)
Jewellery
 n - a +6 ring of dexterity {unknown}
Scrolls
 h - 4 scrolls of identify {unknown}
 i - a scroll of teleportation {unknown}
 k - 3 scrolls of fog {unknown}
Potions
 e - 2 potions of ambrosia {unknown}
 f - a potion of magic {unknown}
Comestibles
 c - 4 rations
 d - a chunk of flesh


   Skills:
 - Level 2.4 Dodging
 * Level 3.0 Stealth
 * Level 3.5 Spellcasting
 * Level 1.8 Conjurations
 * Level 3.6 Fire Magic


You had 7 spell levels left.
You knew the following spells:

 Your Spells              Type           Power        Failure   Level  Hunger
a - Flame Tongue          Conj/Fire      ##...        4%          1    None

Your spell library contained the following spells:

 Spells                   Type           Power        Failure   Level  Hunger
 Fireball                 Conj/Fire      ##........   78%         5    ######.
 Conjure Flame            Conj/Fire      ##......     14%         3    ###....
 Throw Flame              Conj/Fire      ##....       7%          2    ##.....
 Sticky Flame             Conj/Fire      ##......     43%         4    ####...
 Inner Flame              Hex/Fire       ##......     21%         3    ###....


Dungeon Overview and Level Annotations

Branches:
Dungeon (2/15)

Altars:


Message History

Aiming: Flame Tongue (safe; 4% risk of failure)
Press: ? - help, Shift-Dir - straight line, f/p - worm
Aim: a worm (moderately wounded)
The flame tongue hits the worm.
The worm is severely wounded.
The worm bites you!
Ouch! That really hurt!
Casting: Flame Tongue (safe; 4% risk of failure)
Confirm with . or Enter, or press ? or * to list all spells.
Aiming: Flame Tongue (safe; 4% risk of failure)
Press: ? - help, Shift-Dir - straight line, f/p - worm
Aim: a worm (severely wounded)
The flame tongue hits the worm.
The worm is severely wounded.
Casting: Flame Tongue (safe; 4% risk of failure)
Confirm with . or Enter, or press ? or * to list all spells.
You don't have enough magic to cast that spell.
You are too injured to fight recklessly!
You are now empty-handed.
The worm bites you.
You die...

##.......# #
##.(..### ..
####.# ..#
#.######...
#####....(((..$
.......#.##.#.$
#####...#.(#
#..#[##(#
#..#@# #
#...#w.# #..#
##.# ##. .. #
##


You could see a worm.

Vanquished Creatures
  A dart slug (D:2)
  A ball python (D:1)
  5 bats
  3 giant cockroaches
  3 hobgoblins
  A quokka (D:2)
  A frilled lizard (D:2)
  4 kobolds (D:1)
  6 rats
25 creatures vanquished.

Notes
Turn   | Place    | Note
-------+----------+-------------------------------------------
     0 | D:1      | Hebeh the Deep Elf Fire Elementalist began the quest for the Orb.
     0 | D:1      | Reached XP level 1. HP: 10/10 MP: 6/6
   337 | D:1      | Reached XP level 2. HP: 15/15 MP: 6/8
   951 | D:2      | Slain by a worm

Vault maps used:
D:1:      dpeg_arrival_connections, hangedman_decor_points
D:2:      first_ration, minmay_small_reverse_x

Skill      XL: |  1  2 |
---------------+-------+-----
Stealth        | 3 |  3.0
Dodging        | |  2.4
Spellcasting   | |  3.5
Conjurations   | |  1.8
Fire Magic     | |  3.6

Action                   || total
-------------------------++-------
 Fire: Hunting sling     ||    19
Throw: Stone             ||    10
 Cast: Flame Tongue      ||    31
Armor: Robe              ||     3
Dodge: Dodged            ||     7

Table legend:
 A = Spawn XP
 B = Non-spawn XP
 C = Spawn XP percentage of total XP
 D = Spawn monster count
 E = Non-spawn monster count
 F = Spawn count percentage of total count
 G = Total turns spent on level
                    A         B        C        D         E        F      G
               +---------+---------+-------+---------+---------+-------+---------
         Total |       0 |      39 |   0.0 |       0 |      25 |   0.0 |   951
               +---------+---------+-------+---------+---------+-------+---------
           D:1 |       0 |      24 |   0.0 |       0 |      17 |   0.0 |   845
           D:2 |       0 |      15 |   0.0 |       0 |       8 |   0.0 |   106
               +---------+---------+-------+---------+---------+-------+---------
